AoeStats
← Groove8733

Arabia

510491882Analyzed
1v1 RM · 12h ago on Oct 1, 2026· 25m 31s· 2 players
Game mode
Random Map
Map size
Tiny (2 player)
Population
200
Speed
Normal
Resources
Standard
Victory
Conquest
Starting age
Dark Age
Ending age
Imperial Age
RankedLock teamsTeams togetherTeam positionsShared explorationLock speedFull tech treeHidden civsTurbo modeCheats
Victory
Defeat
🇦🇺 Vikings · Australia
449
+15
🇦🇺 Bohemians · Australia
427
-15
Groove8733
6:52 Loom
9:57 Feudal Age
20:38 Castle Age
20:45 Double-Bit Axe
24:10 Scale Barding Armor
24:48 Light Cavalry
oggie_20
0:28 Loom
12:43 Feudal Age
14:16 Town Watch
14:19 Double-Bit Axe
14:48 Horse Collar
18:00 Gold Mining
18:07 Man-at-Arms
18:33 Arson
19:31 Stone Mining
26:21 Castle Age
Connection lost

Rejoining the realm…

Still unreachable

The connection could not be restored.

Session expired

The server has moved on; the page needs a fresh start.